 Dungeon Crawl Stone Soup version 0.26-a0-597-gb535b0901c (webtiles) character file.

Game seed: 16986771191605118826

75 Alarkh the Ruffian (level 4, 34/34 HPs)
             Began as a Demonspawn Gladiator on Sept 12, 2020.
             Got out of the dungeon alive.
             The game lasted 00:02:02 (2017 turns).

Alarkh the Ruffian (Demonspawn Gladiator)           Turns: 2017, Time: 00:02:03

Health: 34/34      AC:  4    Str: 15    XL:     4   Next: 11%
Magic:  4/4        EV: 12    Int: 10    God:
Gold:   99         SH:  0    Dex: 14    Spells: 3/3 levels left

rFire    . . .     SeeInvis .     - Unarmed
rCold    . . .     Faith    .   (no shield)
rNeg     . . .     Spirit   .   a - +0 leather armour
rPois    .         Reflect  .   b - +0 helmet
rElec    .         Harm     .   (no cloak)
rCorr    .                      (no gloves)
MR       .....                  (no boots)
Stlth    +.........             (no amulet)
HPRegen  0.11/turn              (no ring)
MPRegen  0.09/turn              (no ring)

@: drained
A: claws 1, demonic guardian 1
a: no special abilities


You escaped.
You visited 1 branch of the dungeon, and saw 2 of its levels.

You collected 99 gold pieces.

Inventory:

Missiles
 c - 3 throwing nets (quivered)
Armour
 a - a +0 leather armour (worn)
 b - a +0 helmet (worn)
Scrolls
 e - a scroll of enchant weapon {unknown}
 f - a scroll of identify {unknown}
Potions
 d - a potion of stabbing


   Skills:
 + Level 2.7(1.8) Fighting
 - Level 1.7(0.8) Throwing
 - Level 2.6(1.7) Dodging
 * Level 4.2(3.2) Unarmed Combat


You had 3 spell levels left.
You didn't know any spells.
Your spell library was empty.

Dungeon Overview and Level Annotations

Branches:
Dungeon (2/15)

Altars:


Innate Abilities, Weirdness & Mutations

You have sharp fingernails.
A weak demonic guardian rushes to your aid.


Message History

The bat barely misses you. The bat hits you but does no damage.
Things that are here:
a +0 club; a frilled lizard corpse You barely miss the bat.
The bat barely misses you. The bat closely misses you.
The bat closely misses you.
Things that are here:
a +0 club; a frilled lizard corpse You scratch the bat.
You kill the bat!
You see here a worm corpse.
There is a stone staircase leading up, spattered with blood here.
You climb upwards.
There is a stone staircase leading down, spattered with blood here.
There is an open door here.
HP restored.
There is a staircase leading out of the dungeon here.
Are you sure you want to leave the Dungeon?
This will make you lose the game!
You have escaped!

# #......#.......# #....
#......#.......# ##+##
########.....###......######.##
#............# #.............##
#...........## ##............##
############'#####'##########...
#...### ##.....## ###...##
##.....### ##.....## ###.....#
.........####...@...####.......#
..#........##.......##.........#
..####.....###.....###.....#...#
..# #...).# ###'### #.....).#.##
..####....## ##.## ##........##
..........# ###...### #........##
.........####.......####.......##
.........##...........##.....(.##
........#....#....#.....#......##


There were no monsters in sight!

Vanquished Creatures
  Robin (D:1)
  2 adders (D:2)
  2 worms (D:2)
  A dart slug (D:1)
  3 giant cockroaches
  11 goblins
  6 hobgoblins
  A quokka (D:2)
  A ball python (D:1)
  A bat (D:2)
  4 frilled lizards
  5 rats
38 creatures vanquished.

Notes
Turn   | Place    | Note
-------+----------+-------------------------------------------
     0 | D:1      | Alarkh the Demonspawn Gladiator began the quest for the
                  | Orb.
     0 | D:1      | Reached XP level 1. HP: 16/16 MP: 1/1
   216 | D:1      | Reached skill level 3 in Unarmed Combat
   268 | D:1      | Gained mutation: You have sharp fingernails. [demonic
                  | ancestry]
   268 | D:1      | Reached XP level 2. HP: 8/22 MP: 2/2
   589 | D:2      | Noticed Robin
   704 | D:2      | HP: 1/22 [kobold/stone (3)]
   965 | D:1      | Killed Robin
   965 | D:1      | Reached XP level 3. HP: 11/27 MP: 3/3
  1573 | D:2      | Reached skill level 4 in Unarmed Combat
  1951 | D:2      | Gained mutation: A weak demonic guardian rushes to your
                  | aid. [demonic ancestry]
  1951 | D:2      | Reached XP level 4. HP: 29/34 MP: 4/4
  1957 | D:2      | Found a faded altar of an unknown god.
  2017 | D:$      | Got out of the dungeon alive.

Illustrated notes

Levels and vault maps discovered:
D:1:      onia_arrival_pentagram, layout_basic
D:2:      layout_rooms, old_standard_altar, tgw_trog,
          chequers_ecumenical_altar_island, minmay_rat_gold_closets, uniq_robin

Skill      XL: |  1  2  3 |
---------------+----------+-----
Unarmed Combat | 3 4 |  4.2
Fighting       | |  2.7
Throwing       | |  1.7
Dodging        | |  2.6

Action                   |  1- 3 |  4- 6 || total
-------------------------+-------+-------++-------
Melee: Unarmed           |   145 |     9 ||   154
       Punch             |     2 |       ||     2
  Use: Potion            |     2 |       ||     2
Armor: Leather armour    |    42 |     9 ||    51
       Skin              |     3 |       ||     3
Dodge: Dodged            |    93 |    16 ||   109

Table legend: (Time is in decaauts)
 A = Elapsed time spent in this place.
 B = Non-inter-level travel time spent in this place.
 C = Inter-level travel time spent in this place.
 D = Time resting spent in this place.
 E = Time spent auto-exploring this place.
 F = Levels seen in this place.
 G = Mean time per level.
                   A        B        C        D        E       F      G
               +--------+--------+--------+--------+--------+-----+--------+
         Total |   2017 |   1924 |     93 |   1141 |    442 |   2 | 1008.5 |
       Dungeon |   2017 |   1924 |     93 |   1141 |    442 |   2 | 1008.5 |
               +--------+--------+--------+--------+--------+-----+--------+

Top non-repeatable levels by time:
     D:1: 1608 daAuts
     D:2: 409 daAuts
